 Dungeon Sprint DCSS version 0.21.1-1-g345015f (webtiles) character file.

714 vatarom the Thrower (level 7, 0/68 HPs)
             Began as a Troll Hunter on May 11, 2018.
             Was the Champion of Zin.
             Slain by an orange demon (3 damage)
             ... summoned by a kobold demonologist
             ... in the Dungeon (Sprint I: "Red Sonja").
             The game lasted 00:01:22 (440 turns).

vatarom the Thrower (Troll Hunter)                   Turns: 440, Time: 00:01:23

Health: 0/68       AC:  5    Str: 21    XL:     7   Next: 41%
Magic:  6/6        EV: 11    Int:  7    God:    Zin [******]
Gold:   262        SH:  0    Dex: 12    Spells: 6/6 levels left

rFire    . . .     SeeInvis .     - Unarmed
rCold    . . .     Gourm    +   (no shield)
rNeg     . . .     Faith    .   m - +0 robe {MR+}
rPois    .         Spirit   .   (helmet restricted)
rElec    .         Reflect  .   (no cloak)
rCorr    .         Harm     .   (gloves unavailable)
MR       +....     NoTele   +   (boots unavailable)
Stlth    ++........             (no amulet)
HPRegen  0.61/turn              (no ring)
MPRegen  0.10/turn              (no ring)

@: no status effects
A: large, unfitting armour, claws 3, fast metabolism 3, gourmand, regeneration
1, shaggy fur 1, tough skin 2
a: Recite, Vitalisation, Imprison, Sanctuary, Donate Gold, Renounce Religion


You were in the Dungeon.
You worshipped Zin.
Zin was exalted by your worship.
You were full.

You visited 1 branch You collected 282 gold pieces.
You donated 20 gold pieces to Zin.

Inventory:

Hand Weapons
 a - a +0 short sword
Missiles
 c - 5 large rocks (quivered)
Armour
 m - a +0 robe of magic resistance (worn)
Scrolls
 k - a scroll of blinking
Potions
 e - a potion of curing
 h - a potion of haste
 i - 2 potions of magic
 j - a potion of berserk rage
Comestibles
 f - 2 rations


   Skills:
 + Level 3.8 Fighting
 + Level 12.3 Throwing
 + Level 4.4 Dodging
 + Level 1.2 Stealth
 + Level 6.4 Unarmed Combat
 + Level 0.1 Invocations


You had 6 spell levels left.
You didn't know any spells.

Dungeon Overview and Level Annotations

Branches:
Dungeon (1/1)

Altars:
Cheibriados
Dithmenos
Elyvilon
Fedhas
Gozag
Hepliaklqana
Kikubaaqudgha
Makhleb
Nemelex Xobeh
Okawaru
Qazlal
Ru
Sif Muna
Trog
Uskayaw
Vehumet
Wu Jian
Xom
Yredelemnul
Zin
The Shining One
Jiyva
Lugonu

Shops:
D :


Innate Abilities, Weirdness & Mutations

You are too large for most types of armour.
You have claws for hands.
Your metabolism is lightning-fast.
You like to eat raw meat.
Your natural rate of healing is unusually fast.
You are covered in fur. (AC +1)
You have very tough skin. (AC +2)


Message History

You barely miss the kobold demonologist.
The kobold demonologist is moderately wounded.
The sixfirhy closely misses you. x2; The orange demon barely misses you.
The orange demon hits you. The sixfirhy hits you! The sixfirhy shocks you!
The kobold demonologist hits you but does no damage.
You scratch the kobold demonologist.
The kobold demonologist is heavily wounded.
The sixfirhy hits you! The sixfirhy shocks you!
The sixfirhy closely misses you. The sixfirhy hits you.
The sixfirhy shocks you!
* * * LOW HITPOINT WARNING * * *
The orange demon closely misses you. The orange demon hits you.
* * * LOW HITPOINT WARNING * * *
The kobold demonologist hits you but does no damage.
The sixfirhy hits you!
* * * LOW HITPOINT WARNING * * *
The sixfirhy shocks you! Zin protects you from harm!
The orange demon stings you.
You die...

########################
.#..').#..'..#__#435K3.#
.').#..'[.#..'..@.K#.4.#
.#####'#####'#__#### 5.+
.####..# #(#### ##
.#__#### ##.#
.#_____##+#_.+
⌠#_.∩...'..._#
##_..__##_.#+#
#_____###+# #######


You could see an orange demon, 2 kobold demonologists, a sixfirhy, a neqoxec and
a shadow imp.

Vanquished Creatures
  A slime creature (D)
  Sigmund (D)
  A yak (D)
  A floating eye (D)
  An ogre (D)
  A jelly (D)
  Ijyb (D)
7 creatures vanquished.

Vanquished Creatures (others)
  A gargoyle (D)
1 creature vanquished.

Grand Total: 8 creatures vanquished

Notes
Turn   | Place    | Note
-------+----------+-------------------------------------------
     0 | D        | vatarom the Troll Hunter began the quest for the Orb.
     0 | D        | Reached XP level 1. HP: 19/19 MP: 0/0
     1 | D        | Noticed Ijyb
    23 | D        | Killed Ijyb
    23 | D        | Reached skill level 5 in Throwing
    23 | D        | Reached skill level 1 in Unarmed Combat
    23 | D        | Reached XP level 2. HP: 3/28 MP: 1/1
   150 | D        | Noticed an ogre
   155 | D        | Killed an ogre
   155 | D        | Reached skill level 8 in Throwing
   155 | D        | Reached XP level 3. HP: 36/36 MP: 2/2
   155 | D        | Reached XP level 4. HP: 44/44 MP: 3/3
   173 | D        | Noticed Sigmund
   173 | D        | Killed a gargoyle
   187 | D        | Killed Sigmund
   187 | D        | Reached skill level 10 in Throwing
   187 | D        | Reached XP level 5. HP: 43/53 MP: 4/4
   218 | D        | Found an ornate altar of the Wu Jian Council.
   218 | D        | Found a deep blue altar of Sif Muna.
   220 | D        | Found a radiant altar of Vehumet.
   226 | D        | Reached XP level 6. HP: 41/61 MP: 5/5
   230 | D        | Found Inoll's Book Emporium.
   230 | D        | Found an ancient bone altar of Kikubaaqudgha.
   230 | D        | Found a hazy altar of Hepliaklqana.
   230 | D        | Found a stormy altar of Qazlal.
   230 | D        | Found a hide-covered altar of Uskayaw.
   230 | D        | Found a blossoming altar of Fedhas.
   230 | D        | Found a bloodstained altar of Trog.
   230 | D        | Found an iron altar of Okawaru.
   230 | D        | Found a basalt altar of Yredelemnul.
   230 | D        | Found a glowing golden altar of the Shining One.
   230 | D        | Found a snail-covered altar of Cheibriados.
   230 | D        | Found a sacrificial altar of Ru.
   230 | D        | Found a glowing silver altar of Zin.
   230 | D        | Found a shadowy altar of Dithmenos.
   230 | D        | Found a white marble altar of Elyvilon.
   230 | D        | Noticed a yak
   242 | D        | Killed a yak
   242 | D        | Reached skill level 11 in Throwing
   242 | D        | Reached skill level 5 in Unarmed Combat
   243 | D        | Found an opulent altar of Gozag.
   245 | D        | Found a sparkling altar of Nemelex Xobeh.
   255 | D        | Became a worshipper of Zin the Law-Giver
   255 | D        | Reached * piety under Zin
   255 | D        | Reached ** piety under Zin
   255 | D        | Reached *** piety under Zin
   255 | D        | Reached **** piety under Zin
   255 | D        | Reached ***** piety under Zin
   255 | D        | Reached ****** piety under Zin
   326 | D        | Found a burning altar of Makhleb.
   326 | D        | Found a viscous altar of Jiyva.
   326 | D        | Found a shimmering altar of Xom.
   326 | D        | Found a corrupted altar of Lugonu.
   326 | D        | Noticed a slime creature
   338 | D        | Killed a slime creature
   338 | D        | Reached skill level 12 in Throwing
   338 | D        | Reached skill level 1 in Stealth
   338 | D        | Reached XP level 7. HP: 21/68 MP: 6/6
   427 | D        | Noticed a kobold demonologist
   429 | D        | Noticed a kobold demonologist
   430 | D        | Noticed a neqoxec
   431 | D        | Noticed a rust devil
   433 | D        | Noticed a sixfirhy
   437 | D        | Noticed an orange demon
   439 | D        | HP: 3/68 [sixfirhy[a kobold demonologist] (10)]
   439 | D        | Zin protects you from harm!
   440 | D        | Slain by an orange demon

Skill      XL: |  1  2  3  4  5  6 |
---------------+-------------------+-----
Fighting       | 2 3 |  3.8
Throwing       | 5 8 10 12 | 12.3
Dodging        | 2 3 4 |  4.4
Unarmed Combat | 1 2 3 4 6 |  6.4
Stealth        | 1 |  1.2
Invocations    | |  0.1

Action                   |  1- 3 |  4- 6 |  7- 9 || total
-------------------------+-------+-------+-------++-------
Melee: Unarmed           |    23 |    35 |     9 ||    67
Throw: Throwing net      |     1 |     3 |       ||     4
       Large rock        |       |     2 |       ||     2
Invok: Recite            |       |       |     1 ||     1
  Use: Potion            |       |     1 |       ||     1
 Stab: Held in net/web   |       |     1 |       ||     1
  Eat: Chunk             |     3 |     4 |       ||     7
Armor: Robe              |     3 |     5 |     2 ||    10
Dodge: Dodged            |     9 |     6 |     6 ||    21
